Map: Pride of Altaris LE

Players

Boots - Winner!

  • Race: Zerg Zerg
  • League: Diamond
  • Spawn Location: 5:00

acs

  • Race: Protoss Protoss
  • League: Diamond
  • Spawn Location: 11:00

VOD

Have the link to the VOD?

Description

Time

  • Played on: May 28, 2022, 6:37 a.m.
  • Length: 11:31
Show
View Real Time Build Order
Export as new Build Order

Boots Zerg - Winner!

Build Orders: Pool First, Roach Hydra 

Get SALT Encoding   

  12  0:17  Spawning Pool  
  11  0:23  Drone  
  11  0:28  Drone  
  13  0:37  Overlord  
  13  0:42  Drone  
  14  1:05  Zergling x4  
  14  1:06  Zergling x2  
  17  1:22  Zergling x2  
  18  1:30  Zergling x2  
  19  1:35  Queen  
  19  1:39  Zergling x2  
  22  1:54  Hatchery  
  21  2:01  Drone  
  21  2:23  Overlord  
  21  2:43  Drone  
  21  2:44  Drone x2  
  24  2:45  Hatchery  
  24  2:47  Extractor  
  22  3:03  Drone  
  23  3:06  Drone  
  23  3:09  Drone  
  25  3:17  Queen  
  25  3:19  Queen  
  29  3:21  Drone  
  29  3:23  Drone  
  29  3:25  Overlord  
  31  3:36  Drone x2  
  31  3:37  Drone  
  34  3:42  Overlord  
  34  3:47  Drone  
  34  4:02  Overlord  
  34  4:04  Drone x4  
  34  4:07  Spine Crawler  
  37  4:12  Metabolic Boost  
  36  4:32  Drone x4  
  36  4:35  Roach Warren, Zergling x6  
  42  4:48  Zergling x12  
  46  5:05  Queen  
  45  5:18  Roach x4  
  45  5:19  Roach x2  
  56  5:32  Drone x5  
  56  5:33  Overlord  
  61  5:55  Extractor, Lair  
  61  5:56  Drone  
  61  5:57  Extractor, Drone x4  
  63  5:58  Drone x2  
  63  6:01  Overlord  
  63  6:03  Overlord  
  66  6:24  Spore Crawler  
  65  6:26  Spore Crawler  
  65  6:32  Drone x2  
  66  6:33  Drone  
  67  6:41  Spore Crawler  
  67  6:46  Drone  
  67  6:48  Drone  
  67  6:50  Extractor  
  67  6:57  Overlord x3  
  67  7:08  Glial Reconstitution  
  66  7:14  Evolution Chamber x2  
  64  7:17  Hydralisk Den, Drone x3  
  64  7:19  Drone  
  64  7:20  Drone x9  
  76  7:35  Drone x4  
  76  7:36  Overlord x3  
  80  7:40  Extractor, Drone  
  80  7:41  Drone x2  
  80  7:43  Overlord  
  81  7:46  Zerg Missile Weapons Level 1, Zerg Ground Armor Level 1  
  81  7:51  Overseer  
  81  7:59  Grooved Spines  
  81  8:02  Drone x3  
  81  8:05  Hydralisk x5  
  94  8:15  Overlord x4  
  94  8:23  Hydralisk x2  
  97  8:35  Hydralisk x5  
  97  8:39  Hatchery  
  106  8:46  Roach x5  
  116  8:50  Extractor  
  115  9:05  Roach x3  
  115  9:06  Roach x5  
  131  9:10  Muscular Augments  
  131  9:22  Roach x7  
  145  9:37  Overlord  
  145  9:38  Overlord x4  
  124  10:23  Hydralisk x2  
  124  10:24  Hydralisk x9  
  124  10:25  Hydralisk x2  
  128  10:48  Zergling x2  
  128  10:49  Zergling x14  
Show
View Real Time Build Order
Export as new Build Order

acs Protoss 

Build Orders:  

Get SALT Encoding   

  12  0:09  Pylon  
  12  0:13  Probe  
  13  0:30  Gateway  
  13  0:32  Probe  
  14  0:44  Probe (Chrono Boost)  
  14  0:46  Assimilator  
  15  0:57  Probe (Chrono Boost)  
  16  1:04  Probe (Chrono Boost)  
  16  1:05  Assimilator  
  17  1:15  Probe  
  18  1:19  Cybernetics Core  
  18  1:27  Probe  
  19  1:32  Pylon  
  19  1:39  Probe  
  20  1:47  Pylon  
  20  1:51  Probe  
  21  1:56  Adept (Chrono Boost)  
  23  2:03  Probe, Pylon  
  24  2:20  Zealot (Chrono Boost)  
  21  2:35  Gateway  
  21  2:48  Gateway  
  21  2:50  Probe  
  22  2:54  Sentry  
  24  3:26  Stargate  
  24  3:36  Adept  
  24  3:38  Adept  
  24  3:39  Adept  
  30  3:46  Warp Gate  
  30  4:06  Gateway  
  30  4:08  Gateway  
  34  4:25  Void Ray (Chrono Boost)  
  34  4:57  Nexus  
  30  5:28  Pylon  
  30  5:29  Pylon  
  30  5:32  Pylon  
  30  5:41  Forge  
  30  5:47  Probe  
  31  5:59  Probe  
  31  6:02  Zealot  
  34  6:10  Probe  
  34  6:11  Probe  
  36  6:22  Probe  
  37  6:26  Zealot x2  
  41  6:34  Robotics Facility  
  41  6:38  Probe  
  42  6:40  Probe  
  43  6:50  Zealot  
  45  6:56  Gateway  
  45  7:00  Sentry  
  47  7:01  Sentry  
  47  7:04  Sentry  
  51  7:13  Gateway  
  51  7:18  Shield Battery  
  51  7:20  Sentry  
  53  7:35  Protoss Ground Weapons Level 1  
  53  7:38  Twilight Council  
  53  7:42  Zealot  
  53  7:43  Zealot  
  57  7:55  Probe (Chrono Boost)  
  57  7:56  Probe (Chrono Boost)  
  59  8:05  Probe x2 (Chrono Boost)  
  61  8:10  Zealot x3  
  67  8:13  Charge (Chrono Boost)  
  67  8:34  Gateway  
  67  8:37  Gateway  
  67  8:40  Assimilator  
  67  8:41  Assimilator  
  67  8:43  Probe x2  
  69  8:49  Stalker  
  69  8:55  Probe x2  
  73  9:06  Zealot  
  73  9:07  Zealot  
  77  9:13  Pylon  
  77  9:31  Warp Prism  
  79  9:50  Zealot x3  
  83  10:03  Zealot x4  
  81  10:10  Stalker x2  
  67  10:20  Zealot x2  
  67  10:21  Zealot  
  66  10:24  Sentry x2  
  66  10:25  Sentry  
  72  10:34  Zealot x3  
  54  10:45  Stalker x3  
  54  10:47  Stalker x2  
  54  10:48  Stalker  
  50  10:55  Sentry  
  50  10:56  Sentry  
  50  11:04  Zealot  
  44  11:09  Zealot x2  
  44  11:10  Zealot  
  32  11:20  Zealot x4  
Tags
 
Add a new tag
Caveats
  • Supply blocks, unpowered buildings, or Contaminate may cause inaccurate times.
  • Supply counts are checked every 10 seconds.